 Dungeon Crawl Stone Soup version 0.31-a0-263-ge8cad7f256 (webtiles) character file.

Game seed: 13192329009632055303

31 cforsyth the Changeling (level 3, 0/29 HPs)
             Began as a Meteoran Shapeshifter on July 14, 2023.
             Slain by a jackal (1 damage)
             ... on level 2 of the Dungeon.
             The game lasted 00:03:14 (573 turns).

cforsyth the Changeling (Meteoran Shapeshifter)      Turns: 573, Time: 00:03:14

Health: 0/29       AC:  2    Str: 18    XL:     3   Next: 61%
Magic:  4/4        EV: 12    Int:  9    God:
Gold:   30         SH:  0    Dex: 15    Spells: 2/2 levels left

rFire   . .          .
                       - Unarmed
rCold   . . .        (no shield)
rNeg    . . .        a - +0 animal skin
rPois   +            (helmet currently unavailable)
rElec   .            (cloak currently unavailable)
rCorr   .            (gloves currently unavailable)
SInv    .            (boots currently unavailable)
Will    .....        (no amulet)
Stlth   +            k - ring of poison resistance
HPRegen 0.24/turn    (no ring)
MPRegen 0.09/turn

%: no passive effects
@: beast-form, glowing
A: beast (slay +2), sense surroundings 1, otherworldly, glowing, explore regen
a: Begin Untransformation


You were on level 2 of the Dungeon.
You were a hulking beast.
You visited 1 branch of the dungeon, and saw 2 of its levels.

You collected 30 gold pieces.

Inventory:

Hand Weapons
 m - a +0 dagger
Armour
 a - a +0 animal skin (worn)
Jewellery
 k - a ring of poison resistance (left hand)
Talismans
 c - a beast talisman
Scrolls
 f - a scroll of blinking {unknown}
 h - a scroll of teleportation {unknown}
 i - 3 scrolls of identify {unknown}
 j - a scroll of vulnerability {unknown}
 n - a scroll of amnesia {unknown}
 o - 2 scrolls of enchant weapon {unknown}
Potions
 b - a potion of lignification
 d - a potion of degeneration {unknown}
 e - a potion of curing {unknown}
 g - a potion of invisibility {unknown}
 l - a potion of enlightenment {unknown}


   Skills:
 - Level 2.1 Fighting
 - Level 2.4 Dodging
 + Level 3.5 Unarmed Combat
 + Level 4.2 Shapeshifting


You had 2 spell levels left.
You didn't know any spells.
Your spell library was empty.

Dungeon Overview and Level Annotations

Branches:
Dungeon (2/15) Zot: 630

Altars:


Innate Abilities, Weirdness & Mutations

You are a hulking beast.
Your limbs bulge with bestial killing power. (Slay +2)
You passively map a small area around you.
You are easily found by Zot.
You glow in the dark.
You regain HP and MP as you explore.


Message History

The jackal bites you. The jackal closely misses you.
An endoplasm comes into view.
You see here a jackal corpse.
The endoplasm quivers.
You hit the jackal.
You kill the jackal!
The jackal bites you but does no damage.
The scorpion misses you. The jackal bites you.
The jackal attacks as you move away!
The jackal bites you but does no damage.
The scorpion barely misses you.
You see here a jackal corpse.
You hit the scorpion.
The scorpion is lightly wounded.
The jackal bites you but does no damage.
The scorpion stings you! The endoplasm hits you.
You hit the scorpion. You punch the scorpion.
The scorpion is heavily wounded.
The jackal barely misses you. The scorpion stings you. The endoplasm hits you.
The jackal bites you but does no damage.
You hit the scorpion.
The scorpion is heavily wounded.
The scorpion stings you. The jackal completely misses you.
The endoplasm freezes you.
You are frozen.
* * * LOW HITPOINT WARNING * * *
You hit the scorpion.
The scorpion is severely wounded.
The jackal barely misses you. The scorpion misses you.
The endoplasm freezes you.
You are frozen.
* * * LOW HITPOINT WARNING * * *
The scorpion stings you.
* * * LOW HITPOINT WARNING * * *
The jackal misses you.
You barely miss the scorpion.
The scorpion is severely wounded.
The endoplasm hits you but does no damage.
The jackal bites you.
You die...

###.###...# #.... , # #.#
#.#.####.#.# , * # #.#
#.#........# , , # #..
..#..###.#.# * #
#..##.##.# #.#.# # * * #
#..##.##.###.#.##.###. *
* # .....................
,
....#####...#.##h##.....*
#.. #...#.##hs.....# *
... #...#.##J##...## ..
#...#....# ..# , ,
########>. ... ,* #.# ##
* * ,, #.# , , , ,, ,,...
, ** * #.# * * , ,


You could see a scorpion, an endoplasm and a jackal.

Vanquished Creatures
  2 dart slugs (D:1)
  4 ball pythons (D:1)
  2 endoplasms (D:1)
  3 goblins (D:1)
  3 hobgoblins
  3 jackals (D:2)
  2 kobolds
  2 frilled lizards
  3 rats
24 creatures vanquished.

Notes
Turn   | Place    | Note
-------+----------+-------------------------------------------
     0 | D:1      | cforsyth the Meteoran Shapeshifter began the quest for the
                  | Orb.
     0 | D:1      | Reached XP level 1. HP: 17/17 MP: 2/2
   105 | D:1      | Reached XP level 2. HP: 23/24 MP: 3/3
   237 | D:1      | Reached skill level 4 in Shapeshifting
   263 | D:1      | Found a faded altar of an unknown god.
   279 | D:1      | Reached XP level 3. HP: 13/29 MP: 4/4
   566 | D:2      | Noticed a scorpion
   572 | D:2      | HP: 1/29 [scorpion (3)]
   573 | D:2      | Slain by a jackal

Illustrated notes

Levels and vault maps discovered:
D:1:      dpeg_arrival_lava_temple_mockup, layout_loops_corners,
          dreamdust_ecumenical_altar_grove,
          wander_ebering_terrifying_dragon_lair
D:2:      layout_basic, uniq_natasha

Skill      XL: |  1  2 |
---------------+-------+-----
Unarmed Combat | 3 |  3.5
Shapeshifting  | 4 |  4.2
Fighting       | |  2.1
Dodging        | |  2.4

Action                     || total
---------------------------++-------
  Melee: Unarmed           ||    62
         Punch             ||     1
 Armour: Animal skin       ||    16
  Dodge: Dodged            ||    44

Table legend: (Time is in decaauts)
 A = Elapsed time spent in this place.
 B = Non-inter-level travel time spent in this place.
 C = Inter-level travel time spent in this place.
 D = Time resting spent in this place.
 E = Time spent auto-exploring this place.
 F = Levels seen in this place.
 G = Mean time per level.
                   A        B        C        D        E       F      G
               +--------+--------+--------+--------+--------+-----+--------+
         Total |    568 |    568 |      0 |      0 |      0 |   2 |  284.0 |
       Dungeon |    568 |    568 |      0 |      0 |      0 |   2 |  284.0 |
               +--------+--------+--------+--------+--------+-----+--------+

Top non-repeatable levels by time:
     D:1: 399 daAuts
     D:2: 169 daAuts
